 Dungeon Crawl Stone Soup version 0.20.1-1-g8b1a95d (webtiles) character file.

492 Jazqa the Ruffian (level 7, 0/64 HPs)
             Began as a Ghoul Monk on Oct 30, 2017.
             Was a Follower of Cheibriados.
             Slain by veneficus's ghost (2 damage)
             ... on level 4 of the Dungeon.
             The game lasted 00:05:48 (3350 turns).

Jazqa the Ruffian (Ghoul Monk)                      Turns: 3350, Time: 00:05:49

Health: 0/64       AC:  3    Str: 23    XL:     7   Next: 14%
Magic:  2/6        EV: 18    Int: 18    God:    Cheibriados [*.....]
Gold:   142        SH:  0    Dex: 19    Spells: 6/6 levels left

rFire    . . .     SeeInvis .     - Unarmed
rCold    + . .     Gourm    .   (no shield)
rNeg     + + +     Faith    .   t - +0 leather armour (curse)
rPois    ∞         Spirit   .   (no helmet)
rElec    .         Reflect  .   (no cloak)
rCorr    .         Harm     .   (no gloves)
MR       .....                  (no boots)
Stlth    ++........             (no amulet)
Regen    0.0/turn               S - +3 ring of strength
MPRegen  0.1/turn               I - +5 ring of intelligence

@: brilliant, agile, rotting, glowing, very slow
A: rotting body, claws 1, carnivore 3, cold resistance 1, negative energy
resistance 3, inhibited regeneration, torment resistance, unbreathing
a: Bend Time, Renounce Religion


You were on level 4 of the Dungeon.
You worshipped Cheibriados.
Cheibriados was aware of your devotion.
You were not hungry.

You visited 2 branches of the dungeon, and saw 5 of its levels.

You collected 142 gold pieces.


Innate Abilities, Weirdness & Mutations

Your body is rotting away.
You thrive on raw meat.
You are immune to poison.
You have sharp fingernails.
You are carnivorous and can eat meat at any time.
Your flesh is cold resistant. (rC+)
You are immune to negative energy. (rN+++)
You do not regenerate when monsters are visible.
You are immune to unholy pain and torment.
You can survive without breathing.


   Skills:
 + Level 6.4 Fighting
 - Level 2.6 Dodging
 - Level 2.1 Stealth
 + Level 6.4 Unarmed Combat
 + Level 1.3 Invocations


You had 6 spell levels left.
You didn't know any spells.

Inventory:

Armour
 h - a +2 ring mail of poison resistance
 t - a cursed +0 leather armour (worn)
Jewellery
 I - a +5 ring of intelligence (right claw)
 R - an uncursed ring of resist corrosion
 S - a +3 ring of strength (left claw)
Wands
 o - a wand of random effects (4/48)
Scrolls
 a - a scroll of amnesia {unknown}
 c - a scroll of identify {@r1}
 d - 2 scrolls of teleportation {unknown}
 f - a scroll of fear {unknown}
 g - 2 scrolls of magic mapping {unknown}
 i - 2 scrolls of enchant armour {unknown}
 j - a scroll of immolation {unknown}
 p - a scroll of recharging {unknown}
 q - a scroll of fog {unknown}
Potions
 e - a potion of resistance
 k - a potion of berserk rage {unknown}
 m - a potion of flight
 r - a potion of cancellation
Comestibles
 b - 4 meat rations {@e1}
 n - a chunk of flesh

Dungeon Overview and Level Annotations

Branches:
Dungeon (4/15)             Temple (1/1) D:4

Altars:
Ashenzari
Cheibriados
Dithmenos
Fedhas
Gozag
Kikubaaqudgha
Makhleb
Okawaru
Qazlal
Ru
Uskayaw
Vehumet
Xom
Yredelemnul
Zin
The Shining One

Annotations:
D:4 veneficus's ghost, amateur SpEn

#!##)##.# # #.# # #.#
.. # #.# #...
#.##.##.....
#........##.
####.###(...
####W#......
#...@...# #.#####.#
#..## # ####...###.##
#. #...........###.#
###...#..(#.......#
........#.⌠.# ..#...#
#####.###...###.#...#
#...........#...#


You could see veneficus's ghost.


Message History

Veneficus's ghost casts a spell at you. You resist with significant effort.
Use which ability? (? or * to list)
The flow of time bends around you.
Cheibriados rebukes veneficus's ghost.
Veneficus's ghost seems to slow down.
You feel slightly more hungry.
Cheibriados lowers the support of your attributes as your movement quickens.
Veneficus's ghost gestures at you while chanting.
You are outlined in light.
Veneficus's ghost gestures at you while chanting.
You resist with significant effort.
You scratch veneficus's ghost but do no damage.
Veneficus's ghost is lightly damaged.
Veneficus's ghost hits you but does no damage.
You scratch veneficus's ghost.
Veneficus's ghost is moderately damaged.
Veneficus's ghost is no longer moving slowly.
You barely miss veneficus's ghost.
Veneficus's ghost is moderately damaged.
Veneficus's ghost hits you.
* * * LOW HITPOINT WARNING * * *
It was a potion of agility.
You feel agile all of a sudden. Veneficus's ghost hits you.
* * * LOW HITPOINT WARNING * * *
Unknown command.
It was a potion of brilliance.
You feel clever all of a sudden. Veneficus's ghost hits you.
You die...

Skill      XL: |  1  2  3  4  5  6 |
---------------+-------------------+-----
Fighting       | 4 5 6 |  6.4
Unarmed Combat | 4 5 6 |  6.4
Invocations    | 1 |  1.3
Dodging        | |  2.6
Stealth        | |  2.1

Action                   |  1- 3 |  4- 6 |  7- 9 || total
-------------------------+-------+-------+-------++-------
Melee: Unarmed           |   131 |   187 |    16 ||   334
       Punch             |     2 |     3 |       ||     5
Invok: Bend Time         |       |       |     2 ||     2
  Use: Scroll            |       |     4 |       ||     4
       Potion            |       |     8 |     2 ||    10
 Stab: Sleeping          |     1 |     2 |       ||     3
       Distracted        |     1 |       |       ||     1
       Invisible         |       |     1 |       ||     1
  Eat: Chunk             |     8 |    10 |       ||    18
Armor: Robe              |    20 |    14 |       ||    34
       Leather armour    |       |     8 |     4 ||    12
Dodge: Dodged            |    76 |    95 |     3 ||   174

Vault maps used:
D:1:      minmay_arrival_solitary_statue
D:2:      minmay_heptomino_o4
D:3:      minivault_23
D:4:      minmay_temple_entry_junction_2, first_bread, kennysheep_diamond,
          uniq_natasha, uniq_robin
Temple:   dpeg_three_leaves_temple

Notes
Turn   | Place    | Note
-------+----------+-------------------------------------------
     0 | D:1      | Jazqa the Ghoul Monk began the quest for the Orb.
     0 | D:1      | Reached XP level 1. HP: 19/19 MP: 0/0
    59 | D:1      | HP: 1/18 [hobgoblin/club (2)]
    61 | D:1      | Reached XP level 2. HP: 2/25 MP: 1/1
   278 | D:1      | HP: 2/25 [jackal (2)]
   845 | D:1      | Reached skill level 4 in Fighting
   845 | D:1      | Reached XP level 3. HP: 21/33 MP: 2/2
  1198 | D:2      | Reached skill level 4 in Unarmed Combat
  1635 | D:2      | Reached XP level 4. HP: 36/41 MP: 3/3
  1875 | D:3      | Noticed Thaneod's ghost (amateur MiFi)
  2176 | D:3      | Identified a potion of resistance
  2259 | D:3      | Reached skill level 5 in Fighting
  2259 | D:3      | Reached XP level 5. HP: 10/48 MP: 4/4
  2261 | D:3      | HP: 1/48 [orc/morningstar (9)]
  2559 | D:3      | Reached skill level 5 in Unarmed Combat
  2707 | D:3      | HP: 1/48 [Thaneod's ghost (9)]
  2727 | D:3      | HP: 1/48 [Thaneod's ghost (8)]
  2737 | D:3      | HP: 4/48 [Thaneod's ghost (10)]
  2738 | D:3      | Killed Thaneod's ghost
  2738 | D:3      | Reached XP level 6. HP: 5/57 MP: 5/5
  3193 | D:4      | Reached skill level 6 in Fighting
  3224 | D:4      | Reached skill level 6 in Unarmed Combat
  3254 | D:4      | HP: 5/57 [iguana (12)]
  3258 | D:4      | Found a staircase to the Ecumenical Temple.
  3270 | Temple   | Entered the Ecumenical Temple
  3278 | Temple   | Became a worshipper of Cheibriados the Contemplative
  3278 | Temple   | Reached * piety under Cheibriados
  3278 | Temple   | Reached ** piety under Cheibriados
  3315 | D:4      | Noticed veneficus's ghost (amateur SpEn)
  3322 | D:4      | Reached skill level 1 in Invocations
  3322 | D:4      | Reached XP level 7. HP: 24/64 MP: 6/6
  3348 | D:4      | HP: 5/64 [veneficus's ghost (3)]
  3349 | D:4      | HP: 2/64 [veneficus's ghost (3)]
  3350 | D:4      | Slain by veneficus's ghost

Vanquished Creatures
  The ghost of Thaneod the Chopper, an amateur MiFi (D:3)
  An ogre (D:4)
  A centaur skeleton (D:4)
  An orc priest (D:3)
  An iguana (D:4)
  2 worker ants (D:4)
  5 adders
  2 oozes
  A worm (D:4)
  3 dart slugs
  2 leopard geckos
  9 orcs
  A giant cockroach (D:4)
  9 goblins
  4 hobgoblins
  11 jackals
  3 quokkas
  A ball python skeleton (D:4)
  5 bats
  5 frilled lizards
  7 kobolds
  7 rats
82 creatures vanquished.
